 Dungeon Crawl Stone Soup version 0.29-a0-11-ga75d3d97ab (webtiles) character file.

Game seed: 758878661683134299

149 kae the Insei (level 5, -2/61 HPs)
             Began as a Draconian Transmuter on Jan 28, 2022.
             Slain by an orc (3 damage)
             ... on level 3 of the Dungeon.
             The game lasted 00:01:20 (2507 turns).

kae the Insei (Draconian Transmuter)                Turns: 2507, Time: 00:01:21

Health: -2/61      AC: 22    Str: 12    XL:     5   Next: 9%
Magic:  8/8        EV:  2    Int: 15    God:
Gold:   79         SH:  0    Dex: 12    Spells: 4/8 levels left

rFire   . . .      SeeInvis +     - Unarmed
rCold   . . .      Faith    .   (no shield)
rNeg    . . .      Spirit   .   (armour unavailable)
rPois   +          Reflect  .   (helmet currently unavailable)
rElec   .          Harm     .   (cloak currently unavailable)
rCorr   .          Rampage  .   (gloves currently unavailable)
Will    .....      NoTele   +   (boots currently unavailable)
Stlth   +.........              c - amulet of magic regeneration
HPRegen 0.20/turn               g - ring of see invisible
MPRegen 0.51/turn               (no ring)

@: tree-form
A: stationary, stasis, torment immunity, boosted hp, AC +5, unfitting armour,
(cold-blooded)
a: no special abilities


You were on level 3 of the Dungeon.
You were a tree.
You visited 1 branch of the dungeon, and saw 3 of its levels.

You collected 79 gold pieces.

Inventory:

Armour
 a - a +0 cloak (melded)
Jewellery
 c - an amulet of magic regeneration (around neck)
 g - a ring of see invisible (left branch)
Scrolls
 b - 2 scrolls of teleportation
 e - a scroll of fog
Potions
 f - a potion of cancellation {unknown}
 h - a potion of lignification


   Skills:
 + Level 2.1 Fighting
 + Level 2.2 Dodging
 * Level 3.8 Unarmed Combat
 + Level 2.4 Spellcasting
 * Level 3.2 Transmutations
 * Level 1.4 Poison Magic


You had 4 spell levels left.
You knew the following spells:

 Your Spells              Type           Power      Damage    Failure   Level
a - Beastly Appendage     Tmut           22%        N/A       6%          1
b - Spider Form           Tmut/Pois      8%         N/A       24%         3

Your spell library contained the following spells:

 Spells                   Type           Power      Damage    Failure   Level
 Wereblood                Tmut           11%        N/A       9%          2
 Gell's Gravitas          Tloc           1%         N/A       54%         3
 Ozocubu's Armour         Ice            1%         N/A       54%         3
 Teleport Other           Tloc           1%         N/A       54%         3
 Ice Form                 Ice/Tmut       6%         N/A       73%         4
 Metabolic Englaciation   Hex/Ice        0%         N/A       99%         5
 Dispersal                Tloc           0%         N/A       100%        6
 Simulacrum               Ice/Necr       0%         N/A       100%        6


Dungeon Overview and Level Annotations

Branches:
Dungeon (3/15)

Altars:
Sif Muna


Innate Abilities, Weirdness & Mutations

You are a tree.
Your roots penetrate the ground, keeping you stationary.
You cannot be teleported.
You are immune to unholy pain and torment.
Your maximum health is greatly increased.
Your equipment is partially melded.
((Your plain brown scales are hard. (AC +5)))
You cannot fit into any form of body armour.
((You are cold-blooded and may be slowed by cold attacks.))


Message History

The orc priest misses you.
The orc wizard mumbles some strange words.
The orc wizard flickers and vanishes for a moment.
You barely miss the orc priest.
Your tail-slap misses the orc priest.
The orc priest mumbles some strange prayers to Beogh against you.
You barely resist.
The orc priest hits you with a +0 short sword.
The orc wizard casts a spell at you.
You are confused.
The orc priest looks satisfied for a moment.
The orc priest miscasts a cantrip.
The orc wizard closely misses you.
You bump into the rock wall.
The orc closely misses you.
The orc priest hits you but does no damage.
The orc wizard hits you with a +0 dagger.
You bump into the rock wall.
The orc priest hits you with a +0 short sword.
The orc hits you from afar with a +0 trident.
The orc priest closely misses you. The orc wizard barely misses you.
You're too confused to move!
Your horns disappear.
Your talons disappear.
The orc priest hits you with a +0 short sword.
The orc barely misses you.
The orc priest mumbles some strange prayers to Beogh against you.
You barely resist.
The orc wizard hits you with a +0 dagger.
You barely miss the orc priest. The orc priest barely misses you.
The orc hits you from afar with a +0 trident.
The orc priest invokes the aid of Beogh against you.
Beogh smites you!
* * * LOW HITPOINT WARNING * * *
The orc wizard hits you with a +0 dagger.
* * * LOW HITPOINT WARNING * * *
It was a potion of lignification.
You turn into a tree.
Your +0 cloak melds into your body.
Your roots penetrate the ground.
You feel less confused.
The orc priest hits you with a +0 short sword.
* * * LOW HITPOINT WARNING * * *
The orc hits you from afar with a +0 trident.
You die...

###.#####
#.......#
#.#.....# ....#.<#
# # #..#..#.#
####.#.......##
#.............#
.#####)###...# #
##.o♣##...#
#.###..oo.......
........o.........
.####.............
#.#.....###.##
#.##.#.## ##.#
..###.##.#..###.#
.......)†....#..#
...##+##...##.#.#


You could see 2 orc priests, an orc wizard (invisible) and an orc.

Vanquished Creatures
  A jelly (D:2)
  Terence (D:2)
  4 adders (D:2)
  A worm (D:2)
  4 dart slugs
  2 orcs (D:3)
  8 bats
  3 endoplasms
  4 giant cockroaches
  A goblin (D:2)
  2 hobgoblins
  3 kobolds
  3 quokkas
  3 ball pythons
  A frilled lizard (D:1)
  5 rats
46 creatures vanquished.

Notes
Turn   | Place    | Note
-------+----------+-------------------------------------------
     0 | D:1      | kae the Draconian Transmuter began the quest for the Orb.
     0 | D:1      | Reached XP level 1. HP: 16/16 MP: 3/3
    33 | D:1      | Found a faded altar of an unknown god.
   232 | D:1      | Reached XP level 2. HP: 19/23 MP: 3/5
   948 | D:2      | HP: 1/23 [adder (3)]
   950 | D:2      | Reached XP level 3. HP: 1/29 MP: 6/6
  1157 | D:2      | Learned a level 3 spell: Spider Form
  1707 | D:2      | Found a shimmering blue altar of Sif Muna.
  1727 | D:2      | Reached XP level 4. HP: 36/36 MP: 7/7
  1891 | D:2      | Reached skill level 1 in Poison Magic
  2159 | D:2      | Noticed Terence
  2173 | D:2      | Killed Terence
  2174 | D:2      | Reached XP level 5. HP: 16/41 MP: 8/8
  2506 | D:3      | HP: 2/41 [orc wizard (3)]
  2507 | D:3      | Slain by an orc

Illustrated notes

Levels and vault maps discovered:
D:1:      tarquinn_simple_flora_water_a, layout_basic,
          ebering_ecumenical_altar_rust, kennysheep_decorative_pillar
D:2:      layout_loops_cross, basic_altar, grunt_ministairs_11, minivault_24,
          uniq_terence
D:3:      layout_loops_cross, lemuel_zombie_altar_yredelemnul,
          gammafunk_temple_overflow_claw, ebering_ghost_reflecting_pool

Skill      XL: |  1  2  3  4 |
---------------+-------------+-----
Dodging        | 2 |  2.2
Fighting       | 2 |  2.1
Transmutations | 3 |  3.2
Poison Magic   | 1 |  1.4
Unarmed Combat | |  3.8
Spellcasting   | |  2.4

Action                   |  1- 3 |  4- 6 || total
-------------------------+-------+-------++-------
Melee: Unarmed           |    96 |    51 ||   147
       Kick              |    14 |     3 ||    17
       Headbutt          |     8 |     3 ||    11
       Tailslap          |    13 |     3 ||    16
       Punch             |     2 |       ||     2
 Cast: Beastly Appendage |    23 |     7 ||    30
       Spider Form       |       |     3 ||     3
  Use: Scroll            |       |     3 ||     3
       Potion            |       |     1 ||     1
Armor: Skin              |    51 |    11 ||    62
Dodge: Dodged            |    80 |    36 ||   116

Table legend: (Time is in decaauts)
 A = Elapsed time spent in this place.
 B = Non-inter-level travel time spent in this place.
 C = Inter-level travel time spent in this place.
 D = Time resting spent in this place.
 E = Time spent auto-exploring this place.
 F = Levels seen in this place.
 G = Mean time per level.
                   A        B        C        D        E       F      G
               +--------+--------+--------+--------+--------+-----+--------+
         Total |   2496 |   2431 |     65 |      2 |   2016 |   3 |  832.0 |
       Dungeon |   2496 |   2431 |     65 |      2 |   2016 |   3 |  832.0 |
               +--------+--------+--------+--------+--------+-----+--------+

Top non-repeatable levels by time:
     D:2: 1703 daAuts
     D:1: 720 daAuts
     D:3: 72 daAuts
